 Dungeon Crawl Stone Soup version 0.29-a0-925-g0a7a3d12f8 (webtiles) character file.

Game seed: 15389090173549463084

18512 quixfox the Geomancer (level 12, -12/74 HPs)
             Began as a Gargoyle Earth Elementalist on July 29, 2022.
             Was a Priest of Vehumet.
             Mangled by a tyrant leech (17 damage)
             ... on level 2 of the Lair of Beasts.
             The game lasted 00:37:42 (15731 turns).

quixfox the Geomancer (GrEE)                       Turns: 15731, Time: 00:37:43

Health: -12/74     AC: 22    Str: 12    XL:     12   Next: 59%
Magic:  2/24       EV: 20    Int: 21    God:    Vehumet [***...]
Gold:   578        SH:  0    Dex: 10    Spells: 15/27 levels left

rFire   . . .      SeeInvis .   r - staff of conjuration
rCold   . . .      Faith    .   (no shield)
rNeg    + . .      Spirit   .   C - +3 troll leather armour {Snorg}
rPois   ∞          Reflect  .   o - +2 helmet
rElec   +          Harm     .   (no cloak)
rCorr   .          Rampage  .   (no gloves)
Will    .....                   u - +1 pair of boots
Stlth   ++........              D - amulet of regeneration
HPRegen 1.82/turn               B - +4 ring of evasion
MPRegen 0.19/turn               F - +4 ring of evasion

@: no status effects
A: sickness immunity, AC +8, negative energy resistance 1, electricity
resistance, torment resistance 1, petrification resistance
a: Renounce Religion


You were on level 2 of the Lair of Beasts.
You worshipped Vehumet.
Vehumet was most pleased with you.
You visited 3 branches of the dungeon, and saw 14 of its levels.

You collected 863 gold pieces.
You spent 285 gold pieces at shops.

Inventory:

Hand Weapons
 l - the +3 hand axe of the Ageing Weasel {freeze, rN+ Str-5 SInv}
   (You found it on level 11 of the Dungeon)

   It freezes those it strikes, dealing additional cold damage.
   It can also slow down cold-blooded creatures.
   Str:       It affects your strength (-5).
   rN:        It protects you from negative energy.
   SInv:      It lets you see invisible.
Armour
 o - a +2 helmet (worn)
 u - a +1 pair of boots (worn)
 C - a +3 troll leather armour (worn) {Snorg}
 G - a +0 buckler
Magical Staves
 r - a staff of conjuration (weapon)
Jewellery
 a - an amulet of reflection
 d - a ring of protection from fire
 v - a +6 ring of dexterity
 B - a +4 ring of evasion (left hand)
 D - an amulet of regeneration (around neck)
 E - a ring of protection from fire
 F - a +4 ring of evasion (right hand)
Wands
 i - a wand of acid (19)
 n - a wand of flame (17)
 x - a wand of roots (7)
 z - a wand of polymorph (6)
Scrolls
 c - 2 scrolls of immolation
 h - a scroll of amnesia
 j - 2 scrolls of magic mapping
 m - 5 scrolls of teleportation
 q - a scroll of fear
 y - 4 scrolls of identify
 A - 2 scrolls of blinking
 H - a scroll of enchant armour
 J - a scroll of vulnerability
Potions
 b - 2 potions of magic
 e - 4 potions of flight
 f - a potion of attraction
 g - 6 potions of heal wounds
 k - 3 potions of mutation
 p - 2 potions of curing
 s - 2 potions of brilliance
 t - a potion of lignification
 w - a potion of haste
 I - a potion of might
 K - a potion of resistance


   Skills:
 + Level 8.2 Fighting
 + Level 7.4 Staves
 - Level 4.8 Armour
 - Level 3.7 Dodging
 - Level 2.1 Stealth
 + Level 3.4 Shields
 + Level 8.2 Spellcasting
 + Level 9.4 Conjurations
 - Level 0.7 Transmutations
 + Level 11.1 Earth Magic
 + Level 5.1 Evocations


You had 15 spell levels left.
You knew the following spells:

 Your Spells              Type           Power      Damage    Failure   Level
a - Sandblast             Erth           100%       2d20      1%          1
b - Passwall              Tmut/Erth      27%        N/A       1%          2
c - Stone Arrow           Conj/Erth      100%       3d13      1%          3
d - Iron Shot             Conj/Erth      33%        9d7       6%          6

Your spell library contained the following spells:

 Spells                   Type           Power      Damage    Failure   Level
 Airstrike                Air            4%         0-3+      24%         4
 Freeze                   Ice            32%        1d5       2%          1
 Poisonous Vapours        Pois/Air       16%        N/A       4%          2
 Hailstorm                Conj/Ice       42%        3d10      4%          4
 Frozen Ramparts          Ice            16%        1d3       9%          3
 Petrify                  Tmut/Erth      33%        N/A       9%          4
 Animate Armour           Summ/Erth      64%        N/A       10%         4
 Irradiate                Conj/Tmut      22%        3d19      10%         5
 Portal Projectile        Hex/Tloc       16%        N/A       30%         3
 Tukima's Dance           Hex            8%         N/A       30%         3
 Anguish                  Hex/Necr       4%         N/A       69%         4
 Cause Fear               Hex            4%         N/A       69%         4
 Corpse Rot               Necr/Pois/Air  8%         N/A       69%         4
 Blade Hands              Tmut           5%         N/A       90%         5
 Dragon Form              Tmut           5%         N/A       100%        7
 Enfeeble                 Hex            4%         N/A       100%        7
 Dragon's Call            Summ           4%         N/A       100%        9
 Sublimation of Blood     Necr           Unusable   N/A       N/A         2

Dungeon Overview and Level Annotations

Branches:
Dungeon (11/15)            Temple (1/1) D:7            Lair (2/5) D:11
  Swamp (0/4) Lair:2       Spider (0/4) Lair:2          Orc (0/2) D:11

Altars:
Ashenzari
Cheibriados
Dithmenos
Elyvilon
Fedhas
Gozag
Hepliaklqana
Kikubaaqudgha
Makhleb
Nemelex Xobeh
Okawaru
Qazlal
Ru
Sif Muna
Trog
Uskayaw
Vehumet
Wu Jian
Xom
Yredelemnul
Zin
The Shining One

Shops:
D:6 [!?   D:11 (


Innate Abilities, Weirdness & Mutations

You are immune to sickness and miasma.
Your stone body is resilient. (AC +8)
You are immune to poison.
You resist negative energy. (rN+)
You are resistant to electric shocks. (rElec)
You are resistant to unholy torment.
You are immune to petrification.


Message History

The tyrant leech is moderately wounded.
The tyrant leech completely misses you.
Casting: Sandblast (safe; 1% risk of failure)
Confirm with . or Enter, or press ? or * to list all spells.
Okay, then.
You closely miss the tyrant leech.
The tyrant leech is moderately wounded.
The tyrant leech bites you!!
You hit the tyrant leech.
You blast the tyrant leech!
The tyrant leech is heavily wounded.
You hit the tyrant leech but do no damage.
The tyrant leech is heavily wounded.
The tyrant leech bites you!
Casting: Sandblast (safe; 1% risk of failure)
Confirm with . or Enter, or press ? or * to list all spells.
Aiming: Sandblast (safe; 1% risk of failure)
Press: ? - help, Shift-Dir - straight line, f/p - tyrant leech
Aim: a tyrant leech (heavily wounded, 76% to hit)
The blast of sand misses the tyrant leech.
The tyrant leech bites you! The tyrant leech bites you.
* * * LOW HITPOINT WARNING * * *
Casting: Sandblast (safe; 1% risk of failure)
Confirm with . or Enter, or press ? or * to list all spells.
Aiming: Sandblast (safe; 1% risk of failure)
Press: ? - help, Shift-Dir - straight line, f/p - tyrant leech
Aim: a tyrant leech (heavily wounded, 76% to hit)
The blast of sand hits the tyrant leech!
The tyrant leech is severely wounded.
The tyrant leech misses you.
Casting: Sandblast (safe; 1% risk of failure)
Confirm with . or Enter, or press ? or * to list all spells.
Aiming: Sandblast (safe; 1% risk of failure)
Press: ? - help, Shift-Dir - straight line, f/p - tyrant leech
Aim: a tyrant leech (severely wounded, 76% to hit)
The blast of sand hits the tyrant leech but does no damage.
The tyrant leech is severely wounded.
The tyrant leech bites you!!
* * * LOW HITPOINT WARNING * * *
The tyrant leech bites you!
You die...

#..#
#P..^.#
...#
###.....#
#.##
#.......#
.#.#
#.......##
..##
##........#
...###
#P.......##
.....##
##)......#
.....P#
#.....w##
....###
##....#@#
....#
##......##
....#
##.†......#
....#
#.........#
....##
###......##
.....##♣
♣.♣♣..##
<......♣
♣§§♣♣.##
.......♣
§§§ ♣..#
.......♣
§§§ ♣..#


You could see a tyrant leech.

Vanquished Creatures
  Snorg (D:10)
  Josephine (D:10)
  Erica (Lair:2)
  A catoblepas (Lair:1)
  A two-headed ogre (D:10)
  A deep elf pyromancer (D:10)
  A manticore (D:11)
  Maggie (D:6)
  3 cane toads
  2 komodo dragons
  A kobold demonologist (D:10)
  A polar bear (Lair:2)
  2 tyrant leeches (Lair:2)
  A troll (D:11)
  3 blink frogs (Lair:2)
  Sigmund (D:6)
  A jumping spider (Lair:2)
  A shadow (D:11)
  A vampire (D:9)
  2 culicivoras (Lair:2)
  7 wraiths
  A basilisk (Lair:2)
  12 yaks
  A wyvern (D:9)
  3 steam dragons
  4 redbacks (Lair:2)
  2 vampire mosquitoes (D:11)
  Edmund (D:6)
  3 wargs
  9 water moccasins
  A swamp worm (Lair:2)
  7 orc warriors
  A black bear (D:5)
  A sky beast (D:7)
  5 ogres
  2 ice beasts
  6 wolves (Lair:1)
  4 centaurs
  2 phantoms
  7 kobold brigands
  3 bullfrogs
  A gnoll sergeant (D:11)
  A necrophage (D:7)
  3 scorpions
  3 howler monkeys (D:10)
  An electric eel (D:7)
  2 hounds (D:5)
  9 orc priests
  2 gnoll boudas
  2 iguanas
  A jelly (D:5)
  Ijyb (D:5)
  Terence (D:2)
  14 orc wizards
  15 gnolls
  4 adders
  A shadow imp (D:6)
  A white imp (D:7)
  4 worms
  2 dart slugs
  49 orcs
  4 ball pythons
  10 bats
  8 endoplasms
  3 giant cockroaches (D:4)
  8 goblins
  6 hobgoblins
  2 jackals (D:4)
  3 quokkas
  A frilled lizard (D:1)
  22 kobolds
  5 rats
298 creatures vanquished.

Vanquished Creatures (others)
  2 fungi (Lair:2)
  7 plants
9 creatures vanquished.

Grand Total: 307 creatures vanquished

Notes
Turn   | Place    | Note
-------+----------+-------------------------------------------
     0 | D:1      | quixfox the Gargoyle Earth Elementalist began the quest for
                  | the Orb.
     0 | D:1      | Reached XP level 1. HP: 10/10 MP: 3/3
   224 | D:1      | Reached skill level 4 in Earth Magic
   224 | D:1      | Reached XP level 2. HP: 13/15 MP: 0/5
   450 | D:1      | Found a faded altar of an unknown god.
   622 | D:1      | Reached XP level 3. HP: 19/19 MP: 1/7
   625 | D:1      | Learned a level 2 spell: Passwall
   629 | D:1      | Learned a level 3 spell: Stone Arrow
  1472 | D:2      | Noticed Terence
  1477 | D:2      | Killed Terence
  1478 | D:2      | Reached skill level 1 in Conjurations
  1478 | D:2      | Reached XP level 4. HP: 24/24 MP: 3/8
  2641 | D:4      | Reached skill level 5 in Earth Magic
  2800 | D:4      | Reached XP level 5. HP: 3/28 MP: 5/10
  3833 | D:4      | Reached XP level 6. HP: 32/32 MP: 8/11
  4128 | D:5      | Entered Level 5 of the Dungeon
  4351 | D:5      | Noticed Ijyb
  4353 | D:5      | Killed Ijyb
  4360 | D:5      | Reached skill level 6 in Earth Magic
  4487 | D:5      | Found a blossoming altar of Fedhas.
  4508 | D:4      | Reached XP level 7. HP: 33/36 MP: 9/13
  4835 | D:6      | Reached skill level 1 in Fighting
  4835 | D:6      | Reached skill level 1 in Staves
  4835 | D:6      | Reached skill level 1 in Armour
  4927 | D:5      | Reached XP level 8. HP: 35/43 MP: 11/15
  4929 | D:5      | Reached skill level 7 in Earth Magic
  5508 | D:5      | Reached skill level 5 in Spellcasting
  5738 | D:6      | Found Iluxkira's Armour Boutique.
  5763 | D:6      | Reached skill level 5 in Conjurations
  5765 | D:6      | Noticed Sigmund
  5770 | D:6      | Killed Sigmund
  5821 | D:6      | Noticed Maggie
  5937 | D:6      | Killed Maggie
  5938 | D:6      | Reached XP level 9. HP: 46/51 MP: 8/17
  6058 | D:6      | Bought a +3 leather armour of cold resistance for 240 gold
                  | pieces
  6186 | D:6      | Found Fippeyku's Distillery.
  6365 | D:6      | Found Wayxoeph's Magic Scroll Shop.
  6391 | D:6      | Noticed Edmund
  6396 | D:6      | Killed Edmund
  6752 | D:7      | Reached skill level 8 in Earth Magic
  7344 | D:7      | Found a staircase to the Ecumenical Temple.
  7363 | Temple   | Entered the Ecumenical Temple
  7374 | Temple   | Became a worshipper of Vehumet
  8128 | D:6      | Bought a +0 pair of boots for 45 gold pieces
  8527 | D:8      | Found a white marble altar of Elyvilon.
  8680 | D:8      | Found a sacrificial altar of Ru.
  8828 | D:8      | Reached skill level 5 in Fighting
  8828 | D:8      | Reached XP level 10. HP: 59/59 MP: 12/19
  9366 | D:9      | Reached skill level 1 in Evocations
  9772 | D:9      | Found a glowing silver altar of Zin.
  9863 | D:9      | Reached * piety under Vehumet
  9863 | D:9      | Offered knowledge of Shock by Vehumet.
  9984 | D:9      | Reached skill level 9 in Earth Magic
 10146 | D:10     | Entered Level 10 of the Dungeon
 10160 | D:10     | Noticed a kobold demonologist
 10162 | D:10     | Noticed a rust devil
 10162 | D:10     | Killed a kobold demonologist
 10163 | D:10     | Reached skill level 5 in Staves
 10845 | D:10     | Noticed Snorg
 10851 | D:10     | Killed Snorg
 11138 | D:10     | Noticed a two-headed ogre
 11144 | D:10     | Killed a two-headed ogre
 11523 | D:11     | Identified the +3 hand axe of the Ageing Weasel {freeze,
                  | rN+ Str-5 SInv}
 11659 | D:11     | Reached XP level 11. HP: 65/65 MP: 11/21
 11876 | D:11     | Learned a level 6 spell: Iron Shot
 11905 | D:11     | Found Raunuhubb's Weapon Emporium.
 11957 | D:11     | Noticed a deep elf pyromancer
 12103 | D:11     | Offered knowledge of Static Discharge by Vehumet.
 12111 | D:10     | Killed a deep elf pyromancer
 12111 | D:10     | Reached ** piety under Vehumet
 12112 | D:10     | Reached skill level 10 in Earth Magic
 12225 | D:11     | Noticed Josephine
 12286 | D:10     | Killed Josephine
 12520 | D:11     | Found a staircase to the Lair.
 12705 | D:11     | Noticed a manticore
 12708 | D:11     | Killed a manticore
 12917 | D:11     | Found a staircase to the Orcish Mines.
 12977 | D:11     | Offered knowledge of Scorch by Vehumet.
 13776 | Lair:1   | Entered Level 1 of the Lair of Beasts
 13977 | Lair:1   | Reached skill level 1 in Shields
 14146 | Lair:1   | Reached XP level 12. HP: 65/72 MP: 23/23
 14189 | Lair:1   | Reached *** piety under Vehumet
 14590 | Lair:1   | Noticed a catoblepas
 14594 | Lair:1   | Killed a catoblepas
 15062 | Lair:2   | Noticed Erica
 15068 | Lair:2   | Killed Erica
 15304 | Lair:2   | Reached skill level 11 in Earth Magic
 15367 | Lair:2   | Found a hole to the Spider Nest.
 15371 | Lair:2   | Reached skill level 5 in Evocations
 15676 | Lair:2   | Found a staircase to the Swamp.
 15681 | Lair:2   | Offered knowledge of Airstrike by Vehumet.
 15731 | Lair:2   | Mangled by a tyrant leech

Illustrated notes

Levels and vault maps discovered:
D:1:      dpeg_arrival_court, layout_loops_cross, ebering_ecumenical_altar_webs,
          nicolae_grassy_gnolls
D:2:      layout_basic, uniq_terence
D:3:      layout_basic
D:4:      layout_loops_ring
D:5:      layout_loops_ring, fedhas_altar_1, uniq_ijyb
D:6:      layout_basic, serial_shops, nicolae_shop_trees, shop,
          nicolae_inconvenience_store, uniq_edmund, uniq_maggie, uniq_sigmund
D:7:      layout_loops_ring, minmay_temple_entry_offerings,
          amcnicky_mini_pool_medium
D:8:      layout_loops_ring, nicolae_ru_sacrificial_ziggurat, elyvilon_altar_1
D:9:      layout_basic, zin_treasury
D:10:     layout_roguey, uniq_snorg
D:11:     layout_basic, erik_lair_orcish_takeover,
          kennysheep_orc_monster_closet_entryway, serial_shops,
          nicolae_shop_stone, minmay_misc_feat_roman,
          chequers_serial_rivers_large_a, uniq_josephine
Temple:   nicolae_temple_no_exploring_needed
Lair:1:   layout_gridlike
Lair:2:   layout_gridlike, minmay_swamp_entry_worms,
          nicolae_spider_entry_tight_spaces, minivault_11, grunt_megastairs_2,
          uniq_erica

Skill      XL: |  1  2  3  4  5  6  7  8  9 10 11 12 |
---------------+-------------------------------------+-----
Earth Magic    | 4 5 6 7 8 9 10 11 | 11.1
Spellcasting   | 3 4 5 6 7 8 |  8.2
Conjurations   | 1 2 3 4 5 6 7 8 9 |  9.4
Fighting       | 1 3 5 6 7 8 |  8.2
Staves         | 1 3 4 5 6 7 |  7.4
Armour         | 1 3 4 |  4.8
Evocations     | 2 4 5 |  5.1
Dodging        | 2 3 |  3.7
Shields        | 1 3 |  3.4
Stealth        | |  2.1
Transmutations | |  0.7

Action                   |  1- 3 |  4- 6 |  7- 9 | 10-12 || total
-------------------------+-------+-------+-------+-------++-------
Melee: Unarmed           |     1 |       |       |       ||     1
       Staff             |       |     1 |    12 |   237 ||   250
       Punch             |       |       |       |     2 ||     2
 Cast: Sandblast         |    47 |    80 |   121 |    40 ||   288
       Stone Arrow       |       |       |    44 |   228 ||   272
       Iron Shot         |       |       |       |     3 ||     3
Evoke: Wand              |       |       |     1 |     4 ||     5
  Use: Scroll            |       |    11 |     6 |     5 ||    22
       Potion            |       |     1 |       |     1 ||     2
Armor: Robe              |     5 |    15 |    26 |       ||    46
       Leather armour    |       |       |    30 |    23 ||    53
       Troll leather arm |       |       |       |    82 ||    82
Dodge: Dodged            |     9 |    28 |    76 |   252 ||   365
Block: Other             |       |       |       |    18 ||    18
       Reflection        |       |       |       |     2 ||     2

Table legend: (Time is in decaauts)
 A = Elapsed time spent in this place.
 B = Non-inter-level travel time spent in this place.
 C = Inter-level travel time spent in this place.
 D = Time resting spent in this place.
 E = Time spent auto-exploring this place.
 F = Levels seen in this place.
 G = Mean time per level.
                   A        B        C        D        E       F      G
               +--------+--------+--------+--------+--------+-----+--------+
         Total |  16020 |  14954 |   1066 |   2252 |  10062 |  14 | 1144.3 |
       Dungeon |  14043 |  12978 |   1065 |   1965 |   8944 |  11 | 1276.6 |
        Temple |     23 |     23 |      0 |      0 |      0 |   1 |   23.0 |
          Lair |   1953 |   1953 |      0 |    287 |   1118 |   2 |  976.5 |
               +--------+--------+--------+--------+--------+-----+--------+

Top non-repeatable levels by time:
    D:10: 1735 daAuts
     D:4: 1711 daAuts
     D:7: 1652 daAuts
    D:11: 1494 daAuts
     D:5: 1270 daAuts
     D:3: 1258 daAuts
     D:6: 1221 daAuts
  Lair:1: 1140 daAuts
     D:1: 1090 daAuts
     D:9: 988 daAuts
     D:8: 878 daAuts
  Lair:2: 813 daAuts
     D:2: 743 daAuts
  Temple: 23 daAuts
